 Dungeon Crawl Stone Soup version 0.28-a0-1594-ga885d4b3d6 (webtiles) character file.

Game seed: 16459756188835260896

28 a3don the Magician (level 3, -2/25 HPs)
             Began as a Djinni Venom Mage on Jan 21, 2022.
             Was a Plaything of Xom.
             Killed from afar by Natasha (6 damage)
             ... with a magic dart
             ... on level 2 of the Dungeon.
             The game lasted 00:03:03 (1248 turns).

a3don the Magician (Djinni Venom Mage)              Turns: 1248, Time: 00:03:03

Health: -2/25      AC:  2    Str:  7    XL:     3   Next: 27%
Gold:   17         EV: 12    Int: 18    God:    Xom [..*...] SH:  0 Dex: 13

rFire   + + .      SeeInvis .   a - +0 dagger
rCold   x . .      Faith    .   (no shield)
rNeg    . . .      Spirit   .   b - +0 robe
rPois   ∞          Reflect  .   (no helmet)
rElec   .          Harm     .   (no cloak)
rCorr   .          Rampage  .   (no gloves)
Will    .....                   (boots unavailable)
Stlth   ++........              (no amulet)
HPRegen 0.08/turn               (no ring)
MPRegen 0.00/turn               (no ring)

@: flying
A: sickness immunity, fire resistance 2, cold vulnerability 1, float, innate
caster, hp casting, extra vitality 1
a: Renounce Religion


You were on level 2 of the Dungeon.
You worshipped Xom.
You were a toy of Xom.
You visited 1 branch of the dungeon, and saw 2 of its levels.

You collected 17 gold pieces.

Inventory:

Hand Weapons
 a - a +0 dagger (weapon)
Missiles
 d - 8 sling bullets
 e - 15 stones
Armour
 b - a +0 robe (worn)
Scrolls
 c - a scroll of holy word {unknown}
 f - a scroll of fear {unknown}


   Skills:
 - Level 2.1 Dodging
 - Level 1.5 Stealth
 + Level 3.3 Spellcasting


You couldn't memorise any spells.
You knew the following spells:

 Your Spells              Type           Power      Damage    Failure   Level
a - Sting                 Tmut/Pois      56%        1d5       4%          1
b - Poisonous Vapours     Pois/Air       28%        N/A       6%          2
c - Mephitic Cloud        Conj/Pois/Air  14%        N/A       12%         3
d - Olgreb's Toxic Radia  Pois           14%        N/A       38%         4
e - Magic Dart            Conj           56%        1d5       4%          1
Your spell library was empty.

Dungeon Overview and Level Annotations

Branches:
Dungeon (2/15)

Altars:
Xom

Annotations:
D:2 Natasha


Innate Abilities, Weirdness & Mutations

You are immune to sickness and miasma.
You are immune to poison.
Your flesh is very heat resistant. (rF++)
You are vulnerable to cold. (rC-)
You float through the air rather than walking.
You learn spells naturally, not from books.
Your magical power is your life essence.
You have superior vitality. (+4 MHP)


Message History

You detect items!
The kobold throws a stone.
The stone hits you.
You feel a bit more experienced.
Casting: Sting (safe; 4% risk of failure)
Confirm with . or Enter, or press ? or * to list all spells.
Aiming: Poisonous Vapours (safe; 6% risk of failure)
Press: ? - help, Dir - move target, f - goblin
Aim: a goblin, wielding a +0 dagger Poisonous vapours surround the goblin!
The goblin is poisoned.
* * * LOW HITPOINT WARNING * * *
An endoplasm comes into view.
You kill the goblin!
The endoplasm quivers.
Things that are here:
a +0 dagger; a goblin corpse
Casting: Poisonous Vapours (safe; 6% risk of failure)
Confirm with . or Enter, or press ? or * to list all spells.
Aiming: Sting (safe; 4% risk of failure)
Press: ? - help, Shift-Dir - straight line, f - endoplasm
Aim: an endoplasm (98% to hit)
The sting hits the endoplasm.
The endoplasm partially resists.
The endoplasm is poisoned.
The endoplasm is lightly wounded.
* * * LOW HITPOINT WARNING * * *
The endoplasm hits you.
* * * LOW HITPOINT WARNING * * *
You see here 18 stones.
Natasha, Servant of Life and Death comes into view.
Casting: Sting (safe; 4% risk of failure)
Confirm with . or Enter, or press ? or * to list all spells.
Aiming: Sting (safe; 4% risk of failure)
Press: ? - help, Shift-Dir - straight line, f/p - endoplasm
Aim: an endoplasm (heavily wounded, poisoned, 98% to hit)
The sting hits the endoplasm.
The endoplasm partially resists.
You kill the endoplasm!
Natasha hisses angrily.
* * * LOW HITPOINT WARNING * * *
Natasha casts a spell at you. The magic dart hits you.
You die...
Xom is highly amused!

.....# ####.# ........
#.#####∆ (.......
####.....#.##.#...#
......##.#.#...... ∆ .
##............... ...
#.......##.....# #..h. ∆
#.......#####..####......
#........)......@...#
#######.#####..###### ###
#)........ ∆∆ #.<.######
#...# ∆ #..... #.#.###
#.#)# #. .#


You could see Natasha.

Vanquished Creatures
  A dart slug (D:1)
  A ball python (D:1)
  A bat (D:1)
  An endoplasm (D:2)
  A giant cockroach (D:1)
  8 goblins
  4 jackals (D:1)
  2 kobolds (D:2)
  2 rats (D:1)
21 creatures vanquished.

Notes
Turn   | Place    | Note
-------+----------+-------------------------------------------
     0 | D:1      | a3don the Djinni Venom Mage began the quest for the Orb.
     0 | D:1      | Reached XP level 1. HP: 15/15 MP: 0/0
   159 | D:1      | Reached XP level 2. HP: 12/21 MP: 0/0
   602 | D:1      | Found a faded altar of an unknown god.
   616 | D:1      | Prayed at the altar of an unknown god.
   616 | D:1      | Became a worshipper of Xom of Chaos
   625 | D:1      | XOM: silly message
   630 | D:1      | Reached skill level 3 in Spellcasting
   829 | D:1      | XOM: god gift: 8 sling bullets
   988 | D:1      | Reached XP level 3. HP: 19/25 MP: 0/0
   988 | D:1      | Learned a level 1 spell: Magic Dart
  1190 | D:1      | You are sucked into a shaft and drop 1 floor!
  1222 | D:2      | XOM: divination: detect items
  1246 | D:2      | Noticed Natasha
  1248 | D:2      | Killed from afar by Natasha

Illustrated notes

Levels and vault maps discovered:
D:1:      dpeg_arrival_round_b, layout_basic, chequers_ecumenical_altar_simple
D:2:      layout_loops_ring, minmay_fountain_box, corexii_hall_statues_deadend,
          uniq_natasha

Skill      XL: |  1  2 |
---------------+-------+-----
Spellcasting   | 3 |  3.3
Dodging        | |  2.1
Stealth        | |  1.5

Action                   || total
-------------------------++-------
Melee: Dagger            ||    14
 Cast: Sting             ||    15
       Poisonous Vapours ||    18
Armor: Robe              ||     5
Dodge: Dodged            ||     7

Table legend: (Time is in decaauts)
 A = Elapsed time spent in this place.
 B = Non-inter-level travel time spent in this place.
 C = Inter-level travel time spent in this place.
 D = Time resting spent in this place.
 E = Time spent auto-exploring this place.
 F = Levels seen in this place.
 G = Mean time per level.
                   A        B        C        D        E       F      G
               +--------+--------+--------+--------+--------+-----+--------+
         Total |   1247 |   1247 |      0 |    295 |    755 |   2 |  623.5 |
       Dungeon |   1247 |   1247 |      0 |    295 |    755 |   2 |  623.5 |
               +--------+--------+--------+--------+--------+-----+--------+

Top non-repeatable levels by time:
     D:1: 1189 daAuts
     D:2: 57 daAuts
